 Dungeon Crawl Stone Soup version 0.13.0-9-gbc74161 (webtiles) character file.

749 Malachi the Charmwright (level 7, -6/40 HPs)
             Began as a Gargoyle Skald on Oct 17, 2013.
             Was an Initiate of Kikubaaqudgha.
             Killed by divine providence
             ... invoked by an orc priest
              (13 damage)
             ... on Level 5 of the Dungeon.
             The game lasted 00:10:58 (3684 turns).

Malachi the Charmwright (Gargoyle Skald)            Turns: 3684, Time: 00:10:58

HP  -6/40        AC 10     Str 16      XL: 7   Next: 34%
MP   8/12        EV 13     Int 16      God: Kikubaaqudgha [......]
Gold 177         SH  0     Dex 10      Spells:  3 memorised,  4 levels left

Res.Fire  : . . .   See Invis. : .   f - +1,+3 whip (reach)
Res.Cold  : . . .   Warding    : .   b - +1 leather armour
Life Prot.: + . .   Conserve   : .   (no shield)
Res.Poison: +       Res.Corr.  : .   (no helmet)
Res.Elec. : +       Clarity    : .   (no cloak)
Sust.Abil.: . .     Spirit.Shd : .   (no gloves)
Res.Mut.  : .       Stasis     : .   (no boots)
Res.Rott. : +       Flight     : .   (no amulet)
Saprovore : . . .                    (no ring)
                                     u - ring of the Octopus King {Wiz AC+1 EV+1 Str+1 Dex+1 Int+1}

@: regenerating, very slightly contaminated, slightly resistant to hostile
enchantments, very unstealthy
A: fangs 1, talons 2, life protection 1, electricity resistance, slow metabolism
1, unbreathing, petrification resistance, AC +4
a: Renounce Religion


You were on level 5 of the Dungeon.
You worshipped Kikubaaqudgha.
Kikubaaqudgha was noncommittal.
You were not hungry.

You visited 2 branches of the dungeon, and saw 6 of its levels.

You collected 157 gold pieces.

Inventory:

Hand weapons
 a - a +0,+0 mace
 f - a +1,+3 whip of reaching (weapon)
 m - a +2 blowgun
Missiles
 x - 8 poisoned needles
Armour
 b - a +1 leather armour (worn)
Magical devices
 y - a wand of frost (11)
Comestibles
 d - 3 bread rations
 l - an apple
 n - 2 pears
 C - 2 chunks of worm flesh
 D - a chunk of kobold flesh
 E - 2 chunks of goblin flesh
Scrolls
 e - 2 scrolls of recharging
 g - 5 scrolls of identify
 k - 4 scrolls of blinking
Jewellery
 u - a ring of the Octopus King (left hand) {Wiz AC+1 EV+1 Str+1 Dex+1 Int+1}
   (You found it on level 4 of the Dungeon)

   [ring of wizardry]

   It affects your AC (+1).
   It affects your evasion (+1).
   It affects your strength (+1).
   It affects your intelligence (+1).
   It affects your dexterity (+1).
Potions
 j - a potion of agility
 z - a potion of curing
Books
 c - a book of Battle

   Spells                             Type                      Level
   *Infusion                          Charms                       1
   *Shroud of Golubria                Charms/Translocation         2
   Song of Slaying                    Charms                       2
   Spectral Weapon                    Hexes/Charms                 3
   *Regeneration                      Charms/Necromancy            3
   Song of Shielding                  Charms                       4
 q - a book of Summonings

   Spells                             Type                      Level
   Abjuration                         Summoning                    3
   Recall                             Summoning/Translocation      3
   Summon Elemental                   Summoning                    4
   Shadow Creatures                   Summoning                    5
   Summon Demon                       Summoning                    5
   Summon Ugly Thing                  Summoning                    6


   Skills:
 + Level 3.2 Fighting
 + Level 3.8 Maces & Flails
 + Level 2.7 Armour
 + Level 3.5 Dodging
 - Level 2.0 Spellcasting
 * Level 4.6 Charms
 * Level 0.2 Necromancy


You had 4 spell levels left.
You knew the following spells:

 Your Spells              Type           Power        Failure   Level  Hunger
a - Infusion              Chrm           ###...       1%          1    #......
b - Shroud of Golubria    Chrm/Tloc      #.........   5%          2    ###....
c - Regeneration          Chrm/Necr      #.........   11%         3    ####...


Dungeon Overview and Level Annotations

Branches:
Dungeon (5/27)             Temple (1/1) D:4

Altars:
Ashenzari
Elyvilon
Kikubaaqudgha
Makhleb
Okawaru
Vehumet


Innate Abilities, Weirdness & Mutations

You are resistant to torment.
You are immune to poison.
Your stone body is very resilient (AC +4).
You have very sharp teeth.
You have razor-sharp toenails.
You resist negative energy.
You are resistant to electric shocks.
You have a slow metabolism.
You can survive without breathing.
You are immune to petrification.


Message History

The orc priest hits you.
You closely miss the orc priest.
The orc priest is heavily wounded.
The orc priest misses you.
The orc priest hits you but does no damage.
You closely miss the orc priest. You claw the orc priest.
The orc priest is severely wounded.
The orc priest calls down the wrath of Beogh upon you.
Something smites you!
* * * LOW HITPOINT WARNING * * *
The orc priest closely misses you.
Attack whom?
Press: ? - help, Dir - move target cursor, f/p - orc priest
Aim: an orc priest wearing an orcish leather armour (severely wounded)
You hit the orc priest. Your bite misses the orc priest.
The orc priest is almost dead.
The orc priest calls down the wrath of Beogh upon you.
Something smites you!
You die...
Kikubaaqudgha rasps: "You have failed me!
Welcome... oblivion!" ### #.. ... ... ###.# #...# #.oo# #ooo#

###@#
#<..#
#...#
#...#
###.#
#..
#..#
$..#
#..#


You could see 2 orc priests, an orc wizard and 2 orcs.

Vanquished Creatures
  A sky beast (D:3)
  Duvessa (D:4)
  Dowan (D:4)
  An orc priest (D:3)
  2 worker ants (D:4)
  A hound (D:3)
  An ogre skeleton (D:4)
  3 gnolls (D:4)
  10 adders
  A worm (D:4)
  6 giant geckos
  3 oozes
  3 orcs (D:3)
  11 bats
  5 giant cockroaches
  16 goblins
  11 hobgoblins
  10 kobolds
  A quokka (D:4)
  2 giant newts (D:1)
  9 jackals
  9 rats
108 creatures vanquished.

Notes
Turn   | Place    | Note
--------------------------------------------------------------
     0 | D:1      | Malachi, the Gargoyle Skald, began the quest for the Orb.
     0 | D:1      | Reached XP level 1. HP: 12/12 MP: 3/3
   237 | D:1      | Reached skill level 3 in Charms
   246 | D:1      | Reached XP level 2. HP: 8/16 MP: 5/5
   689 | D:1      | Reached skill level 1 in Dodging
   690 | D:1      | Reached XP level 3. HP: 20/20 MP: 6/6
  1035 | D:2      | Learned a level 2 spell: Shroud of Golubria
  1039 | D:2      | Learned a level 3 spell: Regeneration
  1704 | D:3      | Reached XP level 4. HP: 22/26 MP: 8/8
  1854 | D:3      | Noticed a sky beast
  1871 | D:3      | Killed a sky beast
  1871 | D:3      | Reached XP level 5. HP: 24/30 MP: 4/9
  1983 | D:3      | Reached skill level 4 in Charms
  1983 | D:3      | Reached XP level 6. HP: 15/36 MP: 6/11
  2267 | D:3      | Found an iron altar of Okawaru.
  2581 | D:4      | Found a staircase to the Ecumenical Temple.
  2660 | D:4      | Found a shattered altar of Ashenzari.
  2722 | Temple   | Entered the Ecumenical Temple
  2747 | Temple   | Became a worshipper of Kikubaaqudgha
  2847 | D:4      | Noticed Dowan
  2848 | D:4      | Noticed Duvessa
  2883 | D:4      | Killed Duvessa
  3061 | D:4      | Killed Dowan
  3061 | D:4      | Reached XP level 7. HP: 34/40 MP: 12/12
  3072 | D:4      | Got a ring of the Octopus King
  3075 | D:4      | Identified a ring of the Octopus King {Wiz AC+1 EV+1 Str+1 Dex+1 Int+1} (You found it on level 4 of the Dungeon)
  3531 | D:4      | Found a radiant altar of Vehumet.
  3664 | D:5      | Entered Level 5 of the Dungeon
  3684 | D:5      | Killed from afar by an orc priest

Action                   |  1- 3 |  4- 6 |  7- 9 || total
-------------------------+-------+-------+-------++-------
Melee: Whip              |   133 |   224 |    92 ||   449
       Mace              |    11 |       |       ||    11
 Cast: Infusion          |       |     2 |       ||     2
       Regeneration      |       |     3 |     4 ||     7
       Shroud of Golubri |       |     1 |       ||     1
  Use: Potion            |       |     2 |       ||     2
       Scroll            |       |       |    14 ||    14
